 Dungeon Crawl Stone Soup version 0.17.1-3-g152610e (webtiles) character file.

189 Charly the Insei (level 5, 0/42 HPs)
             Began as a Naga Necromancer on Apr 25, 2016.
             Slain by a hobgoblin
             ... wielding a +0 club
              (1 damage)
             ... on level 3 of the Dungeon.
             The game lasted 00:07:24 (349 turns).

Charly the Insei (Naga Necromancer)                  Turns: 349, Time: 00:07:24

Health: 0/42       AC:  3    Str: 11    XL:     5   Next: 68%
Magic:  0/8        EV: 10    Int: 16    God:
Gold:   48         SH:  0    Dex: 11    Spells: 3 memorised, 3 levels left

rFire  . . .     SeeInvis +       - Unarmed
rCold  . . .     Clarity  .     a - +0 robe
rNeg   + . .     SustAt   .     (no shield)
rPois  +         Gourm    .     (no helmet)
rElec  .         Spirit   .     (no cloak)
rCorr  .         Warding  +     d - +0 pair of gloves
rMut   .         Stasis   .     (no barding)
MR     .....                    h - amulet of warding
Stlth  ++........               (no ring)
                                (no ring)

@: short of breath, very slow, not resistant to hostile enchantments, unstealthy
A: see invisible, deformed body, poison resistance, slowness 2, slow metabolism
1, spit poison 2, AC +1
a: Spit Poison


You were on level 3 of the Dungeon.
You were not hungry.

You visited 1 branch of the dungeon, and saw 3 of its levels.

You collected 48 gold pieces.

Inventory:

Missiles
 m - 28 poisoned needles
Armour
 a - a +0 robe (worn)
 d - a +0 pair of gloves (worn)
Jewellery
 h - an amulet of warding (around neck)
Wands
 n - a wand of frost (26)
Scrolls
 f - a scroll of noise {unknown}
 j - a scroll of fear {unknown}
Potions
 e - a potion of invisibility {unknown}
 g - a potion of heal wounds {unknown}
 i - 2 potions of beneficial mutation {unknown}
 k - 2 potions of curing {unknown}
 l - a potion of degeneration {unknown}
Books
 b - a book of Necromancy

   Spells                             Type                      Level
   a - Pain                           Necromancy                   1
   b - Animate Skeleton               Necromancy                   1
   c - Vampiric Draining              Necromancy                   3
   d - Regeneration                   Charms/Necromancy            3
   e - Animate Dead                   Necromancy                   4
   f - Control Undead                 Necromancy                   4
Comestibles
 c - a bread ration


   Skills:
 - Level 1.5 Dodging
 - Level 3.0 Stealth
 + Level 5.2 Unarmed Combat
 - Level 2.0 Spellcasting
 - Level 4.0 Necromancy


You had 3 spell levels left.
You knew the following spells:

 Your Spells              Type           Power        Failure   Level  Hunger
a - Animate Skeleton      Necr           N/A          4%          1    #......
p - Pain                  Necr           ##..         4%          1    #......
r - Regeneration          Chrm/Necr      #.........   28%         3    ###....


Dungeon Overview and Level Annotations

Branches:
Dungeon (3/15)

Altars:

Annotations:
D:2 Jessica


Innate Abilities, Weirdness & Mutations

You cannot wear boots.
Your serpentine skin is tough (AC +1).
You have supernaturally acute eyesight.
Armour fits poorly on your strangely shaped body.
Your system is resistant to poisons.
You cover ground very slowly.
You have a slow metabolism.
You can spit poison.


Message History

The worm bites you.
* * * LOW HITPOINT WARNING * * *
A giant cockroach comes into view.
You hit the worm.
The worm is heavily wounded.
You punch the worm!
The worm is almost dead.
The worm bites you!
* * * LOW HITPOINT WARNING * * *
You hit the worm.
You kill the worm!
Casting: Pain
Confirm with . or Enter, or press ? or * to list all spells.
You don't have enough magic to cast that spell.
Press: ? - help, Shift-Dir - straight line, f - hobgoblin
Aim: a hobgoblin, wielding a club The splash of poison hits the hobgoblin.
The hobgoblin appears unharmed.
You feel slightly more hungry. The hobgoblin hits you with a club.
You die...

### #<# #.# #.#
###.#
########...#
#.@......###
##g....†..#
.............#
...s.....###.#
#......)..# #.#
.)......... ...
................
#........#######
#########


You could see a giant cockroach and a hobgoblin.

Vanquished Creatures
  Sigmund (D:2)
  An adder (D:2)
  An ooze (D:1)
  2 worms
  A giant gecko (D:2)
  2 goblins (D:2)
  3 hobgoblins
  2 bats
  A giant newt (D:2)
  2 rats
16 creatures vanquished.

Notes
Turn   | Place    | Note
--------------------------------------------------------------
     0 | D:1      | Charly the Naga Necromancer began the quest for the Orb.
     0 | D:1      | Reached XP level 1. HP: 15/15 MP: 3/3
    44 | D:1      | Reached skill level 1 in Unarmed Combat
   102 | D:1      | Reached XP level 2. HP: 17/22 MP: 0/5
   194 | D:2      | Learned a level 1 spell: Animate Skeleton
   247 | D:2      | Reached XP level 3. HP: 6/28 MP: 2/6
   252 | D:2      | Learned a level 3 spell: Regeneration
   254 | D:2      | Noticed Jessica
   265 | D:2      | Noticed Sigmund
   305 | D:2      | Killed Sigmund
   305 | D:2      | Reached skill level 5 in Unarmed Combat
   305 | D:2      | Reached XP level 4. HP: 15/36 MP: 2/7
   305 | D:2      | Reached XP level 5. HP: 17/42 MP: 2/8
   331 | D:3      | Xenophilius: take his scythe, scythe swinging should be more effective than breadswinging no?
   331 | D:3      | Charly: I wont be swinging much
   334 | D:3      | Charly: but yes
   334 | D:3      | Charly: it more effective
   347 | D:3      | HP: 1/42 [worm (10)]
   349 | D:3      | Slain by a hobgoblin

Action                   |  1- 3 |  4- 6 || total
-------------------------+-------+-------++-------
Melee: Unarmed           |    11 |     8 ||    19
 Cast: Pain              |    13 |     5 ||    18
       Animate Skeleton  |     1 |       ||     1
       Regeneration      |     2 |     1 ||     3
 Abil: Spit Poison       |    14 |     4 ||    18
